| TOP OF THE 1ST |
|
Brockton Rox batting - Pitching for Columbus Reds : RHP Jim Bartlet
|
|
Pitching: RHP Jim Bartlet
|
|
|
Batting: RHB Bob Reichley
|
0-0: Called Strike 0-1: Called Strike 0-2: Ball 1-2: Strikes out swinging
|
|
Batting: LHB Kenny Jackson
|
0-0: Called Strike 0-1: Ball 1-1: Foul Ball, location: 2F 1-2: Foul Ball, location: 2F 1-2: Ball 2-2: Strikes out swinging
|
|
Batting: RHB Matt Walker
|
0-0: Ball 1-0: Foul Ball, location: 2F 1-1: Called Strike 1-2: SINGLE (Line Drive, 8RS, EV 106.9 MPH)
|
|
Batting: LHB Eric Gaugler
|
0-0: Called Strike 0-1: Foul Ball, location: 2F 0-2: Ball 1-2: Fly out, F5 (Line Drive, 56, EV 66.9 MPH)
|
| Top of the 1st over - 0 runs, 1 hit, 0 errors, 1 left on base; Brockton 0 - Columbus 0 |
| BOTTOM OF THE 1ST |
|
Columbus Reds batting - Pitching for Brockton Rox : RHP Wayne Whimster
|
|
Pitching: RHP Wayne Whimster
|
|
|
Batting: RHB John Hopkins
|
0-0: Ball 1-0: Ball 2-0: Fly out, F4 (Flyball, 4MD, EV 88.8 MPH)
|
|
Batting: SHB Sal Esparza
|
0-0: SINGLE (Line Drive, 8RS, EV 95.6 MPH)
|
|
Batting: LHB Jamie Spangenberg
|
0-0: Foul Ball, location: 2F 0-1: Called Strike 0-2: Foul Ball, location: 2F 0-2: Ball 1-2: Ball 2-2: Foul Ball, location: 2F 2-2: Ball 3-2: Fielders Choice at 2nd, 3-6 (Groundball, 3, EV 86.2 MPH)
|
|
Batting: RHB Ruben Cantu
|
0-0: DOUBLE (Line Drive, 3D, EV 99.4 MPH) Jamie Spangenberg to third Runner from 3rd tries for Home, SAFE, throw by RF to trailing runner, SAFE at third!
|
|
Batting: LHB Mike Becerra
|
0-0: Fly out, F7 (Flyball, 7, EV 93.1 MPH)
|
| Bottom of the 1st over - 1 run, 2 hits, 0 errors, 1 left on base; Brockton 0 - Columbus 1 |
| TOP OF THE 2ND |
|
Brockton Rox batting - Pitching for Columbus Reds : RHP Jim Bartlet
|
|
Batting: RHB Jose Blocker
|
0-0: Ball 1-0: Ball 2-0: Foul Ball, location: 2F 2-1: Foul Ball, location: 2F 2-2: Ball 3-2: Foul Ball, location: 2F 3-2: SINGLE (Line Drive, 8LS, EV 90.6 MPH)
|
|
Batting: RHB Panam Palmer
|
0-0: Swinging Strike 0-1: Swinging Strike 0-2: Foul Ball, location: 2F 0-2: Foul Ball, location: 2F 0-2: Ball 1-2: Ball 2-2: Reached on error, E5 (Groundball, 56, EV 111.2 MPH) Jose Blocker to second
|
|
Batting: LHB Darby Starburster
|
0-0: Ball 1-0: Ball 2-0: Fly out, F8 (Flyball, 8LD, EV 98.8 MPH)
|
|
Batting: RHB Wayne Whimster
|
0-0: Called Strike 0-1: Called Strike 0-2: Ball 1-2: Strikes out swinging
|
|
Batting: RHB Rob Romero
|
0-0: Called Strike 0-1: Foul Ball, location: 2F 0-2: Ball 1-2: Strikes out swinging
|
| Top of the 2nd over - 0 runs, 1 hit, 1 error, 2 left on base; Brockton 0 - Columbus 1 |
| BOTTOM OF THE 2ND |
|
Columbus Reds batting - Pitching for Brockton Rox : RHP Wayne Whimster
|
|
Batting: RHB Alex Nagera
|
0-0: Ball 1-0: Foul Ball, location: 2F 1-1: Called Strike 1-2: Ball 2-2: Foul Ball, location: 2F 2-2: Ball 3-2: Ground out 6-3 (Groundball, 56, EV 104.4 MPH)
|
|
Batting: RHB Emanuel Estrada
|
0-0: Ball 1-0: Called Strike 1-1: Ground out 5-3 (Groundball, 5L, EV 87.5 MPH)
|
|
Batting: RHB Jimmy Geddes
|
0-0: Called Strike 0-1: Swinging Strike 0-2: Foul Ball, location: 2F 0-2: Strikes out swinging, 2-3 out at first.
|
| Bottom of the 2nd over - 0 runs, 0 hits, 0 errors, 0 left on base; Brockton 0 - Columbus 1 |
| TOP OF THE 3RD |
|
Brockton Rox batting - Pitching for Columbus Reds : RHP Jim Bartlet
|
|
Batting: RHB Bob Reichley
|
0-0: Ball 1-0: Foul Ball, location: 2F 1-1: Ball 2-1: Foul Ball, location: 2F 2-2: Ball 3-2: Foul Ball, location: 2F 3-2: Foul Ball, location: 2F 3-2: Foul Ball, location: 2F 3-2: Strikes out looking
|
|
Batting: LHB Kenny Jackson
|
0-0: Ball 1-0: Ball 2-0: Called Strike 2-1: Called Strike 2-2: Ball 3-2: Base on Balls
|
|
Batting: RHB Matt Walker
|
0-0: Called Strike 0-1: Fly out, F7 (Flyball, 7LM, EV 98.1 MPH)
|
|
Batting: LHB Eric Gaugler
|
0-0: Foul Ball, location: 2F 0-1: Foul Ball, location: 2F 0-2: Ball 1-2: Foul Ball, location: 2F 1-2: Ball 2-2: Foul Ball, location: 2F 2-2: Ball 3-2: Base on Balls Kenny Jackson to second
|
|
Batting: RHB Jose Blocker
|
0-0: Ball 1-0: Fly out, F7 (Flyball, 7, EV 87.5 MPH)
|
| Top of the 3rd over - 0 runs, 0 hits, 0 errors, 2 left on base; Brockton 0 - Columbus 1 |
| BOTTOM OF THE 3RD |
|
Columbus Reds batting - Pitching for Brockton Rox : RHP Wayne Whimster
|
|
Batting: RHB Alex Ruybalid
|
0-0: Called Strike 0-1: Ball 1-1: Foul Ball, location: 2F 1-2: Ball 2-2: Foul Ball, location: 2F 2-2: Foul Ball, location: 2F 2-2: Strikes out looking
|
|
Batting: RHB John Hopkins
|
0-0: Foul Ball, location: 2F 0-1: Foul Ball, location: 2F 0-2: Ball 1-2: Ball 2-2: Ball 3-2: Fly out, F9 (Line Drive, 9, EV 93.8 MPH)
|
|
Batting: SHB Sal Esparza
|
0-0: Foul Ball, location: 2F 0-1: Fly out, F4 (Line Drive, 34D, EV 56.9 MPH)
|
| Bottom of the 3rd over - 0 runs, 0 hits, 0 errors, 0 left on base; Brockton 0 - Columbus 1 |
| TOP OF THE 4TH |
|
Brockton Rox batting - Pitching for Columbus Reds : RHP Jim Bartlet
|
|
Batting: RHB Panam Palmer
|
0-0: Fly out, F8 (Flyball, 8RD, EV 91.9 MPH)
|
|
Batting: LHB Darby Starburster
|
0-0: Ball 1-0: Swinging Strike 1-1: Ball 2-1: Ball 3-1: Base on Balls
|
|
Batting: RHB Wayne Whimster
|
0-0: Ball 1-0: Ground out 5-3 (Groundball, 56, EV 89.4 MPH) Darby Starburster to second
|
|
Batting: RHB Rob Romero
|
0-0: Ball 1-0: Ball 2-0: Foul Ball, location: 2F 2-1: Swinging Strike 2-2: Ball 3-2: Strikes out swinging
|
| Top of the 4th over - 0 runs, 0 hits, 0 errors, 1 left on base; Brockton 0 - Columbus 1 |
| BOTTOM OF THE 4TH |
|
Columbus Reds batting - Pitching for Brockton Rox : RHP Wayne Whimster
|
|
Batting: LHB Jamie Spangenberg
|
0-0: Ball 1-0: Foul Ball, location: 2F 1-1: Ball 2-1: Called Strike 2-2: Ball 3-2: Fly out, F4 (Line Drive, 4, EV 68.8 MPH)
|
|
Batting: RHB Ruben Cantu
|
0-0: Swinging Strike 0-1: Fly out, F8 (Flyball, 78S, EV 81.2 MPH)
|
|
Batting: LHB Mike Becerra
|
0-0: Swinging Strike 0-1: Ball 1-1: SOLO HOME RUN (Flyball, 9D, EV 104.4 MPH), Distance : 389 ft
|
|
Batting: RHB Alex Nagera
|
0-0: Ball 1-0: Swinging Strike 1-1: Swinging Strike 1-2: Ball 2-2: Foul Ball, location: 2F 2-2: Strikes out swinging
|
| Bottom of the 4th over - 1 run, 1 hit, 0 errors, 0 left on base; Brockton 0 - Columbus 2 |
| TOP OF THE 5TH |
|
Brockton Rox batting - Pitching for Columbus Reds : RHP Jim Bartlet
|
|
Batting: RHB Bob Reichley
|
0-0: Ground out 4-3 (Groundball, 4, EV 85.0 MPH)
|
|
Batting: LHB Kenny Jackson
|
0-0: Called Strike 0-1: Called Strike 0-2: Strikes out swinging
|
|
Batting: RHB Matt Walker
|
0-0: Ball 1-0: Foul Ball, location: 2F 1-1: Ball 2-1: Foul Ball, location: 2F 2-2: Ball 3-2: Base on Balls
|
|
Batting: LHB Eric Gaugler
|
0-0: Called Strike 0-1: Foul Ball, location: 2F 0-2: Ground out 4-3 (Groundball, 4, EV 108.8 MPH)
|
| Top of the 5th over - 0 runs, 0 hits, 0 errors, 1 left on base; Brockton 0 - Columbus 2 |
| BOTTOM OF THE 5TH |
|
Columbus Reds batting - Pitching for Brockton Rox : RHP Wayne Whimster
|
|
Batting: RHB Emanuel Estrada
|
0-0: Ball 1-0: Fly out, F3 (Line Drive, 3, EV 71.2 MPH)
|
|
Batting: RHB Jimmy Geddes
|
0-0: Ball 1-0: Called Strike 1-1: Fly out, F6 (Popup, P, EV 90.6 MPH)
|
|
Batting: RHB Alex Ruybalid
|
0-0: Ball 1-0: Called Strike 1-1: Swinging Strike 1-2: Strikes out swinging
|
| Bottom of the 5th over - 0 runs, 0 hits, 0 errors, 0 left on base; Brockton 0 - Columbus 2 |
| TOP OF THE 6TH |
|
Brockton Rox batting - Pitching for Columbus Reds : RHP Jim Bartlet
|
|
Batting: RHB Jose Blocker
|
0-0: Ball 1-0: Ball 2-0: Ball 3-0: Called Strike 3-1: Ground out 5-3 (Groundball, 56, EV 89.4 MPH)
|
|
Pitching: RHP Toyohiro Nakagawa
|
|
|
Pinch Hitting: RHB Ryan Davis
|
0-0: Called Strike 0-1: Swinging Strike 0-2: Foul Ball, location: 2F 0-2: Foul Ball, location: 2F 0-2: Ball 1-2: Hit by Pitch
|
|
Batting: LHB Darby Starburster
|
0-0: Bunted foul 0-1: Ball 1-1: Ground out 5-3 (Groundball, 25, EV 66.9 MPH) Ryan Davis to second
|
|
Batting: RHB Wayne Whimster
|
0-0: Ball 1-0: Ground out 6-3 (Groundball, 56, EV 83.8 MPH)
|
| Top of the 6th over - 0 runs, 0 hits, 0 errors, 1 left on base; Brockton 0 - Columbus 2 |
| BOTTOM OF THE 6TH |
|
Columbus Reds batting - Pitching for Brockton Rox : RHP Wayne Whimster
|
|
Now in RF: Ryan Davis
|
|
|
Batting: RHB John Hopkins
|
0-0: Reached on error, E5 (Groundball, 25, EV 68.1 MPH)
|
|
Batting: SHB Sal Esparza
|
0-0: Called Strike John Hopkins steals 3rd base 0-1: Fly out, F8 (Line Drive, 8LM, EV 105.6 MPH) Runner from 3rd tags up, OUT at HOME! 8-2
|
|
Batting: LHB Jamie Spangenberg
|
0-0: Foul Ball, location: 2F 0-1: Foul Ball, location: 2F 0-2: Ball 1-2: Ball 2-2: Ground out 3-1 (Groundball, 34S, EV 86.9 MPH)
|
| Bottom of the 6th over - 0 runs, 0 hits, 1 error, 0 left on base; Brockton 0 - Columbus 2 |
| TOP OF THE 7TH |
|
Brockton Rox batting - Pitching for Columbus Reds : RHP Toyohiro Nakagawa
|
|
Now at 1B: Clint Hanninen
|
|
|
Batting: RHB Rob Romero
|
0-0: Called Strike 0-1: Swinging Strike 0-2: Fly out, F8 (Flyball, 8LD, EV 99.4 MPH)
|
|
Batting: RHB Bob Reichley
|
0-0: Ground out 5-3 (Groundball, 56, EV 106.2 MPH)
|
|
Batting: LHB Kenny Jackson
|
0-0: Called Strike 0-1: Foul Ball, location: 2F 0-2: Strikes out swinging
|
| Top of the 7th over - 0 runs, 0 hits, 0 errors, 0 left on base; Brockton 0 - Columbus 2 |
| BOTTOM OF THE 7TH |
|
Columbus Reds batting - Pitching for Brockton Rox : RHP Wayne Whimster
|
|
Batting: RHB Ruben Cantu
|
0-0: Called Strike 0-1: Swinging Strike 0-2: Ball 1-2: Fly out, F8 (Flyball, 89S, EV 85.0 MPH)
|
|
Batting: LHB Mike Becerra
|
0-0: Called Strike 0-1: Ball 1-1: Called Strike 1-2: Foul Ball, location: 2F 1-2: Fly out, F8 (Flyball, 8RD, EV 84.4 MPH)
|
|
Batting: RHB Alex Nagera
|
0-0: Called Strike 0-1: Ball 1-1: Called Strike 1-2: Strikes out swinging
|
| Bottom of the 7th over - 0 runs, 0 hits, 0 errors, 0 left on base; Brockton 0 - Columbus 2 |
| TOP OF THE 8TH |
|
Brockton Rox batting - Pitching for Columbus Reds : RHP Toyohiro Nakagawa
|
|
Now at 1B: Rodrigo Samano
|
|
|
Now at 2B: Clint Hanninen
|
|
|
Batting: RHB Matt Walker
|
0-0: Ball 1-0: Ball 2-0: Foul Ball, location: 2F 2-1: Fly out, F4 (Popup, 4S, EV 73.1 MPH)
|
|
Batting: LHB Eric Gaugler
|
0-0: Ball 1-0: Ball 2-0: Foul Ball, location: 2F 2-1: Fly out, F8 (Flyball, 8LS, EV 89.4 MPH)
|
|
Pinch Hitting: SHB Jose Santiago
|
0-0: SINGLE (Groundball, 4MD, EV 93.8 MPH)
|
|
Batting: RHB Ryan Davis
|
0-0: Called Strike 0-1: Ball 1-1: Ball 2-1: Swinging Strike 2-2: Foul Ball, location: 2F 2-2: Strikes out swinging
|
| Top of the 8th over - 0 runs, 1 hit, 0 errors, 1 left on base; Brockton 0 - Columbus 2 |
| BOTTOM OF THE 8TH |
|
Columbus Reds batting - Pitching for Brockton Rox : RHP Wayne Whimster
|
|
Now at 1B: Eric McClelland
|
|
|
Batting: RHB Emanuel Estrada
|
0-0: Foul Ball, location: 2F 0-1: Foul Ball, location: 2F 0-2: Ball 1-2: Strikes out swinging
|
|
Batting: LHB Clint Hanninen
|
0-0: Fly out, F9 (Flyball, 89M, EV 84.4 MPH)
|
|
Pinch Hitting: RHB Cornholdo Schwerin
|
0-0: Called Strike 0-1: Foul Ball, location: 2F 0-2: Strikes out looking
|
| Bottom of the 8th over - 0 runs, 0 hits, 0 errors, 0 left on base; Brockton 0 - Columbus 2 |
| TOP OF THE 9TH |
|
Brockton Rox batting - Pitching for Columbus Reds : RHP Toyohiro Nakagawa
|
|
Pitching: RHP Eudaldo Cuyco
|
|
|
Now in LF: Ed Santibanez
|
|
|
Now in CF: Emanuel Estrada
|
|
|
Pinch Hitting: RHB Joe Lewis
|
0-0: Called Strike 0-1: Fly out, F9 (Flyball, 89S, EV 91.2 MPH)
|
|
Batting: RHB Wayne Whimster
|
0-0: Ball 1-0: Foul Ball, location: 2F 1-1: Swinging Strike 1-2: Strikes out looking
|
|
Pinch Hitting: LHB Alexis Toxqui
|
0-0: Swinging Strike 0-1: Foul Ball, location: 2F 0-2: Ball 1-2: Foul Ball, location: 2F 1-2: Foul Ball, location: 2F 1-2: Ball 2-2: Ball 3-2: Ground out U3 (Groundball, 3, EV 103.8 MPH)
|
| Top of the 9th over - 0 runs, 0 hits, 0 errors, 0 left on base; Brockton 0 - Columbus 2 |
|